3AA
LONG ISLAND SEAWOLVES @ RICHLAND RAILS
08/31/2027
 
TOP OF THE 1ST
Long Island Seawolves batting - Pitching for Richland Rails : RHP Gary Kellenberger
Pitching: RHP Gary Kellenberger
Batting: RHB José Orihvela 0-0: Ground out 4-3 (Groundball, 4)
Batting: LHB Pedro Colón 0-0: Called Strike
0-1: Ball
1-1: Ball
2-1: Ground out 3-1 (Groundball, 34)
Batting: RHB Max Berman 0-0: Called Strike
0-1: Called Strike
0-2: Fly out, F7 (Flyball, 7LMF)
Top of the 1st over - 0 run(s), 0 hit(s), 0 error(s), 0 left on base; Long Island 0 - Richland 0
BOTTOM OF THE 1ST
Richland Rails batting - Pitching for Long Island Seawolves : LHP Jasper Sanders
Pitching: LHP Jasper Sanders
Batting: RHB Fernando Granados 0-0: Called Strike
0-1: Ball
1-1: Ball
2-1: Foul Ball, location: 2F
2-2: SINGLE (Groundball, 56D)
Batting: RHB Quigley Gibson 0-0: Ball
1-0: Ball
2-0: Swinging Strike
2-1: Ball
3-1: Swinging Strike
3-2: Fly out, F8 (Flyball, 8LD)
Batting: RHB Michael Bradshaw 0-0: Ball
Fernando Granados is caught stealing 2nd base
1-0: Ground out 4-3 (Groundball, 4)
Bottom of the 1st over - 0 run(s), 1 hit(s), 0 error(s), 0 left on base; Long Island 0 - Richland 0
TOP OF THE 2ND
Long Island Seawolves batting - Pitching for Richland Rails : RHP Gary Kellenberger
Batting: LHB Govaart Pleijt 0-0: Foul Ball, location: 2F
0-1: Ball
1-1: DOUBLE (Line Drive, 9LS)
Batting: RHB Rob McGinnity 0-0: Called Strike
Govaart Pleijt is caught stealing 3rd base
0-1: Ball
1-1: Ball
2-1: Foul Ball, location: 2F
2-2: Strikes out looking
Batting: RHB Abad Lugo 0-0: Ball
1-0: Fly out, F3 (Popup, 3S)
Top of the 2nd over - 0 run(s), 1 hit(s), 0 error(s), 0 left on base; Long Island 0 - Richland 0
BOTTOM OF THE 2ND
Richland Rails batting - Pitching for Long Island Seawolves : LHP Jasper Sanders
Batting: SHB Pablo Coloa 0-0: Fly out, F9 (Flyball, 9LSF)
Batting: RHB Kenny Rush 0-0: Foul Ball, location: 2F
0-1: Ball
1-1: Ball
2-1: Foul Ball, location: 2F
2-2: DOUBLE (Line Drive, 9LM)
Batting: RHB Christian Gentry 0-0: Ball
1-0: Called Strike
1-1: Ground out 6-3 (Groundball, 56)
Batting: LHB Armando Peña 0-0: Called Strike
0-1: Ground out U3 (Groundball, 3)
Bottom of the 2nd over - 0 run(s), 1 hit(s), 0 error(s), 1 left on base; Long Island 0 - Richland 0
TOP OF THE 3RD
Long Island Seawolves batting - Pitching for Richland Rails : RHP Gary Kellenberger
Batting: RHB Sheldon Deshotels 0-0: Swinging Strike
0-1: Ball
1-1: Ball
2-1: SINGLE (Groundball, 56D)
Batting: RHB Alfredo Escalante 0-0: Ball
1-0: DOUBLE (Line Drive, 7LM)
Sheldon Deshotels to third
Runner from 3rd tries for Home, SAFE, no throw
Batting: RHB Andrés Aguilar 0-0: Foul Ball, location: 2F
0-1: Ball
1-1: Ball
2-1: Ball
3-1: Foul Ball, location: 2F
3-2: Strikes out swinging
Batting: RHB José Orihvela 0-0: Ground out 6-3 (Groundball, 6)
Batting: LHB Pedro Colón 0-0: Called Strike
0-1: Ball
1-1: Ball
2-1: Ball
3-1: Foul Ball, location: 2F
3-2: Base on Balls
Batting: RHB Max Berman 0-0: Fly out, F9 (Flyball, 9S)
Top of the 3rd over - 1 run(s), 2 hit(s), 0 error(s), 2 left on base; Long Island 1 - Richland 0
BOTTOM OF THE 3RD
Richland Rails batting - Pitching for Long Island Seawolves : LHP Jasper Sanders
Batting: RHB Lee Faught 0-0: Ground out 1-3 (Groundball, 13)
Batting: RHB Miguel Luna 0-0: Foul Ball, location: 2F
0-1: Ball
1-1: SINGLE (Groundball, 6MD)
Batting: RHB Fernando Granados 0-0: Called Strike
0-1: 2-RUN HOME RUN (Flyball, 7LD), Distance : 317 ft
Batting: RHB Quigley Gibson 0-0: Ball
1-0: Ball
2-0: Foul Ball, location: 2F
2-1: Swinging Strike
2-2: Strikes out swinging
Batting: RHB Michael Bradshaw 0-0: Ball
1-0: Swinging Strike
1-1: Ball
2-1: Foul Ball, location: 2F
2-2: Foul Ball, location: 2F
2-2: Strikes out looking
Bottom of the 3rd over - 2 run(s), 2 hit(s), 0 error(s), 0 left on base; Long Island 1 - Richland 2
TOP OF THE 4TH
Long Island Seawolves batting - Pitching for Richland Rails : RHP Gary Kellenberger
Batting: LHB Govaart Pleijt 0-0: Ground out 4-3 (Groundball, 34)
Batting: RHB Rob McGinnity 0-0: Ball
1-0: Ball
2-0: Ground out 6-3 (Groundball, 56)
Batting: RHB Abad Lugo 0-0: Called Strike
0-1: Ball
1-1: Foul Ball, location: 2F
1-2: Ball
2-2: Strikes out looking
Top of the 4th over - 0 run(s), 0 hit(s), 0 error(s), 0 left on base; Long Island 1 - Richland 2
BOTTOM OF THE 4TH
Richland Rails batting - Pitching for Long Island Seawolves : LHP Jasper Sanders
Batting: SHB Pablo Coloa 0-0: Swinging Strike
0-1: Foul Ball, location: 2F
0-2: Foul Ball, location: 2F
0-2: Ball
1-2: Fly out, F8 (Flyball, 8LM)
Batting: RHB Kenny Rush 0-0: Ball
1-0: Called Strike
1-1: Fly out, F8 (Flyball, 8RM)
Batting: RHB Christian Gentry 0-0: Ball
1-0: Ball
2-0: Foul Ball, location: 2F
2-1: Foul Ball, location: 2F
2-2: Strikes out looking
Bottom of the 4th over - 0 run(s), 0 hit(s), 0 error(s), 0 left on base; Long Island 1 - Richland 2
TOP OF THE 5TH
Long Island Seawolves batting - Pitching for Richland Rails : RHP Gary Kellenberger
Batting: RHB Sheldon Deshotels 0-0: Ball
1-0: Foul Ball, location: 2F
1-1: Ball
2-1: Foul Ball, location: 2F
2-2: Ground out 1-3 (Groundball, 13)
Batting: RHB Alfredo Escalante 0-0: Called Strike
0-1: Ball
1-1: Ball
2-1: Foul Ball, location: 2F
2-2: Ball
3-2: Foul Ball, location: 2F
3-2: Strikes out swinging
Batting: RHB Andrés Aguilar 0-0: Fly out, F6 (Popup, 6)
Top of the 5th over - 0 run(s), 0 hit(s), 0 error(s), 0 left on base; Long Island 1 - Richland 2
BOTTOM OF THE 5TH
Richland Rails batting - Pitching for Long Island Seawolves : LHP Jasper Sanders
Batting: LHB Armando Peña 0-0: Called Strike
0-1: Ball
1-1: Ground out 4-3 (Groundball, 34D)
Batting: RHB Lee Faught 0-0: Called Strike
0-1: Ball
1-1: Foul Ball, location: 2F
1-2: Foul Ball, location: 2F
1-2: Ball
2-2: Hit by Pitch
Batting: RHB Miguel Luna 0-0: Ball
1-0: Swinging Strike
1-1: Swinging Strike
1-2: Fielders Choice at 2nd, 4-6 (Groundball, 34)
Batting: RHB Fernando Granados 0-0: Ball
1-0: Ball
2-0: Called Strike
2-1: Swinging Strike
2-2: Fly out, F6 (Popup, 6D)
Bottom of the 5th over - 0 run(s), 0 hit(s), 0 error(s), 1 left on base; Long Island 1 - Richland 2
TOP OF THE 6TH
Long Island Seawolves batting - Pitching for Richland Rails : RHP Gary Kellenberger
Batting: RHB José Orihvela 0-0: Called Strike
0-1: Ball
1-1: Ball
2-1: Fly out, F8 (Flyball, 8LS)
Batting: LHB Pedro Colón 0-0: Called Strike
0-1: Foul Ball, location: 2F
0-2: Foul Ball, location: 2F
0-2: Ball
1-2: DOUBLE (Line Drive, 8RM)
Batting: RHB Max Berman 0-0: Ground out 1-3 (Groundball, 15S)
Batting: LHB Govaart Pleijt 0-0: Foul Ball, location: 2F
0-1: Hit by Pitch
Batting: RHB Rob McGinnity 0-0: Called Strike
0-1: Foul Ball, location: 2F
0-2: Ball
1-2: Foul Ball, location: 2F
1-2: Ball
2-2: Ball
3-2: Foul Ball, location: 2F
3-2: Strikes out swinging
Top of the 6th over - 0 run(s), 1 hit(s), 0 error(s), 2 left on base; Long Island 1 - Richland 2
BOTTOM OF THE 6TH
Richland Rails batting - Pitching for Long Island Seawolves : LHP Jasper Sanders
Batting: RHB Quigley Gibson 0-0: Foul Ball, location: 2F
0-1: Ball
1-1: Called Strike
1-2: Strikes out swinging
Batting: RHB Michael Bradshaw 0-0: Ball
1-0: Ball
2-0: Foul Ball, location: 2F
2-1: Foul Ball, location: 2F
2-2: Foul Ball, location: 2F
2-2: Ball
3-2: Base on Balls
Batting: SHB Pablo Coloa 0-0: Ball
1-0: Ball
2-0: Ball
3-0: Called Strike
3-1: SINGLE (Groundball, 6D)
Michael Bradshaw to second
Batting: RHB Kenny Rush 0-0: Called Strike
Michael Bradshaw steals 3rd base
Pablo Coloa to second
0-1: Called Strike
0-2: Ground out 6-3 (Groundball, 6S)
Batting: RHB Christian Gentry 0-0: Swinging Strike
0-1: Fly out, F8 (Line Drive, 8RM)
Bottom of the 6th over - 0 run(s), 1 hit(s), 0 error(s), 2 left on base; Long Island 1 - Richland 2
TOP OF THE 7TH
Long Island Seawolves batting - Pitching for Richland Rails : RHP Gary Kellenberger
Batting: RHB Abad Lugo 0-0: Ball
1-0: Called Strike
1-1: Hit by Pitch
Batting: RHB Sheldon Deshotels 0-0: Sac Bunt - play at first, batter OUT! 5-4
Abad Lugo to second
Pinch Hitting: SHB Fernando Pineda 0-0: Called Strike
0-1: Ground out 6-3 (Groundball, 6)
Batting: RHB Andrés Aguilar 0-0: Ball
1-0: Called Strike
1-1: Ball
2-1: Ball
3-1: Fly out, F8 (Flyball, 8RM)
Top of the 7th over - 0 run(s), 0 hit(s), 0 error(s), 1 left on base; Long Island 1 - Richland 2
BOTTOM OF THE 7TH
Richland Rails batting - Pitching for Long Island Seawolves : LHP Jasper Sanders
Now at SS: Armando Rey
Batting: LHB Armando Peña 0-0: Ball
1-0: Called Strike
1-1: Ball
2-1: Ball
3-1: Base on Balls
Batting: RHB Lee Faught 0-0: Bunted foul
0-1: Bunt missed!
0-2: SINGLE (Line Drive, 89M)
Armando Peña to second
Batting: RHB Miguel Luna 0-0: Sac Bunt - play at first, batter OUT! 1-4
Armando Peña to third
Lee Faught to second
Pinch Hitting: RHB Tan Bal 0-0: Swinging Strike
0-1: Called Strike
0-2: Ball
1-2: Ball
2-2: Fly out, F5 (Line Drive, 56)
Batting: RHB Quigley Gibson 0-0: Foul Ball, location: 2F
0-1: Ball
1-1: Foul Ball, location: 2F
1-2: Foul Ball, location: 2F
1-2: Ball
2-2: Fly out, F6 (Popup, 6MS)
Bottom of the 7th over - 0 run(s), 1 hit(s), 0 error(s), 2 left on base; Long Island 1 - Richland 2
TOP OF THE 8TH
Long Island Seawolves batting - Pitching for Richland Rails : RHP Gary Kellenberger
Now in CF: Júlio Hernández
Batting: RHB José Orihvela 0-0: Fly out, F8 (Line Drive, 8LD)
Batting: LHB Pedro Colón 0-0: Called Strike
0-1: Ball
1-1: Foul Ball, location: 2F
1-2: Ball
2-2: Ball
3-2: Foul Ball, location: 2F
3-2: Base on Balls
Pitching: RHP Maxwell Simon
Pinch Runner at 1st Javier Cordero:
Batting: RHB Max Berman 0-0: Foul Ball, location: 2F
0-1: Ball
1-1: Ball
2-1: Swinging Strike
2-2: Ball
3-2: Strikes out swinging
Batting: LHB Govaart Pleijt 0-0: Swinging Strike
0-1: Swinging Strike
0-2: Ball
1-2: Strikes out looking
Top of the 8th over - 0 run(s), 0 hit(s), 0 error(s), 1 left on base; Long Island 1 - Richland 2
BOTTOM OF THE 8TH
Richland Rails batting - Pitching for Long Island Seawolves : LHP Jasper Sanders
Pitching: LHP Powell Beauregard
Now at 1B: Felipe Guzmán
Batting: RHB Michael Bradshaw 0-0: SOLO HOME RUN (Flyball, 8LXD), Distance : 424 ft
Batting: SHB Pablo Coloa 0-0: Called Strike
0-1: Ball
1-1: Fly out, F8 (Flyball, 8LS)
Batting: RHB Kenny Rush 0-0: Foul Ball, location: 2F
0-1: Ball
1-1: Called Strike
1-2: Ground out 4-3 (Groundball, 4)
Batting: RHB Christian Gentry 0-0: Swinging Strike
0-1: Swinging Strike
0-2: Strikes out looking
Bottom of the 8th over - 1 run(s), 1 hit(s), 0 error(s), 0 left on base; Long Island 1 - Richland 3
TOP OF THE 9TH
Long Island Seawolves batting - Pitching for Richland Rails : RHP Maxwell Simon
Pitching: RHP Russ Melton
Batting: RHB Rob McGinnity 0-0: Called Strike
0-1: Called Strike
0-2: Ball
1-2: Strikes out swinging
Batting: RHB Abad Lugo 0-0: TRIPLE (Flyball, 7)
Pinch Hitting: LHB Denis Jerningham 0-0: Ball
1-0: Ground out U3 (Groundball, 34)
Abad Lugo scores
Pinch Hitting: LHB Michael van Berkel 0-0: Ball
1-0: Foul Ball, location: 2F
1-1: Ball
2-1: Fly out, F9 (Flyball, 89M)
Top of the 9th over - 1 run(s), 1 hit(s), 0 error(s), 0 left on base; Long Island 2 - Richland 3
Saturday, May 26th, 2018 - OOTP Baseball 17.12 Build 75